Map: Terrasses de Prion

Players

LazyHansi

  • Race: Protoss Protoss
  • League: Silver
  • Spawn Location: 5:00

zidar - Winner!

  • Race: Zerg Zerg
  • League: Silver
  • Spawn Location: 11:00

VOD

Have the link to the VOD?

Description

Time

  • Played on: Jan. 17, 2016, 9:34 a.m.
  • Length: 12:20
Show
View Real Time Build Order
Export as new Build Order

LazyHansi Protoss 

Build Orders:  

Get SALT Encoding   

  12  0:01  Probe (Chrono Boost)  
  13  0:12  Probe (Chrono Boost)  
  14  0:19  Pylon  
  14  0:23  Probe (Chrono Boost)  
  15  0:38  Gateway  
  15  0:44  Assimilator  
  15  0:46  Probe (Chrono Boost)  
  16  0:59  Gateway  
  16  1:03  Probe (Chrono Boost)  
  17  1:29  Cybernetics Core  
  17  1:31  Pylon  
  17  1:44  Zealot  
  19  2:06  Forge  
  19  2:20  Nexus  
  19  2:29  Warp Gate (Chrono Boost)  
  19  2:41  Pylon  
  19  2:43  Protoss Ground Weapons Level 1  
  19  2:46  Zealot  
  21  2:54  Probe  
  22  3:06  Mothership Core  
  24  3:15  Adept  
  26  3:27  Probe  
  27  3:36  Photon Cannon  
  27  3:44  Gateway  
  27  3:45  Probe  
  27  3:46  Pylon  
  28  4:09  Probe x2  
  29  4:13  Assimilator  
  30  4:19  Gateway  
  30  4:22  Probe x2, Gateway  
  32  4:34  Probe  
  33  4:39  Protoss Shields Level 1 (Chrono Boost)  
  33  4:40  Probe  
  34  4:52  Robotics Facility  
  34  5:02  Probe x2  
  36  5:12  Probe  
  36  5:33  Adept x2, Stalker  
  36  5:34  Stalker  
  44  5:40  Observer  
  45  5:48  Pylon  
  45  5:56  Assimilator  
  45  6:00  Assimilator  
  45  6:08  Robotics Bay  
  45  6:14  Probe  
  46  6:22  Probe  
  47  6:26  Probe  
  47  6:28  Stalker  
  47  6:29  Adept x2, Stalker  
  56  6:33  Probe  
  56  6:39  Robotics Facility  
  57  6:43  Probe x2  
  59  6:59  Probe  
  60  7:05  Probe  
  61  7:11  Probe  
  61  7:15  Probe  
  62  7:20  Protoss Ground Armor Level 1 (Chrono Boost)  
  63  7:24  Twilight Council  
  63  7:25  Colossus  
  69  7:30  Pylon  
  69  7:44  Pylon  
  69  7:47  Colossus  
  69  7:51  Extended Thermal Lance  
  75  7:58  Probe  
  75  7:59  Probe  
  77  8:24  Colossus, Nexus  
  83  8:38  Pylon  
  83  8:41  Disruptor  
  86  8:49  Blink  
  86  8:56  Probe  
  86  8:59  Forge, Protoss Ground Weapons Level 2 (Chrono Boost)  
  87  9:09  Stalker  
  89  9:10  Stalker  
  89  9:12  Sentry  
  93  9:35  Colossus  
  93  9:38  Pylon  
  99  9:39  Pylon  
  99  9:42  Pylon  
  99  9:58  Stalker x3  
  105  10:00  Stalker  
  107  10:13  Probe  
  107  10:18  Probe  
  109  10:27  Gateway  
  109  10:28  Gateway  
  109  10:30  Gateway  
  109  10:32  Pylon  
  109  10:34  Pylon  
  109  10:36  Pylon  
  61  11:16  Stalker x4  
  61  11:17  Adept  
  65  11:22  Colossus  
  65  11:23  Colossus  
  77  11:32  Stalker x3  
  77  11:42  Mothership Core  
  79  11:52  Stalker  
  64  11:54  Stalker  
Show
View Real Time Build Order
Export as new Build Order

zidar Zerg - Winner!

Build Orders: Pool First, Lurkers 

Get SALT Encoding   

  12  0:01  Drone  
  13  0:12  Overlord  
  13  0:17  Drone  
  14  0:30  Drone x2  
  14  0:34  Drone  
  17  0:46  Spawning Pool  
  17  0:50  Drone  
  17  1:13  Hatchery  
  17  1:15  Drone  
  17  1:19  Extractor  
  16  1:34  Queen  
  16  1:38  Drone  
  19  1:49  Drone  
  19  1:50  Overlord  
  19  1:52  Drone  
  21  2:10  Queen  
  21  2:11  Drone  
  24  2:40  Drone  
  24  2:42  Drone x4  
  29  2:55  Roach Warren  
  29  2:58  Drone x5  
  33  3:25  Drone x4  
  36  3:32  Extractor  
  35  3:41  Overlord  
  35  3:42  Overlord  
  35  3:44  Zergling x2  
  35  3:48  Hatchery, Zergling x2  
  36  4:24  Roach  
  36  4:25  Roach x3  
  36  4:28  Overlord x4  
  44  4:42  Metabolic Boost  
  44  4:45  Queen  
  44  4:47  Lair  
  46  4:53  Zergling x10  
  46  4:54  Zergling x4  
  53  5:04  Roach x7  
  67  5:09  Queen  
  68  5:39  Ravager x4  
  68  5:40  Ravager  
  73  5:44  Zergling x2  
  73  5:45  Zergling x10  
  73  5:48  Overlord  
  73  5:49  Overlord x2  
  79  5:52  Drone  
  79  5:53  Drone  
  81  6:12  Hydralisk Den  
  81  6:15  Infestation Pit  
  79  6:20  Extractor  
  79  6:24  Extractor  
  77  6:29  Pneumatized Carapace  
  77  6:39  Evolution Chamber, Drone x6  
  82  6:43  Evolution Chamber, Drone x8  
  89  7:01  Drone x8  
  97  7:16  Hydralisk x4  
  105  7:26  Overseer  
  105  7:33  Zerg Ground Armor Level 1  
  105  7:35  Zerg Melee Weapons Level 1  
  105  7:41  Overlord x2  
  105  7:42  Overlord  
  105  7:53  Lurker Den  
  105  8:04  Extractor  
  104  8:07  Extractor, Drone x2  
  104  8:08  Drone x3  
  108  8:17  Hydralisk x5  
  108  8:19  Roach x5  
  128  8:51  Overlord x2  
  128  8:52  Overlord  
  128  9:27  Lurker  
  128  9:28  Lurker x4  
  128  9:31  Hydralisk x6  
  133  9:36  Overlord x4  
  133  9:37  Overlord x2  
  133  9:38  Overlord x2  
  145  10:20  Hatchery  
  144  10:26  Zergling x2  
  144  10:27  Zergling x8  
  149  10:32  Roach x13  
  149  10:33  Roach x6  
  187  10:39  Hydralisk  
  187  10:40  Hydralisk x2  
Tags
 
Composition
Lurkers
Matchup
PvZ
Opening
Pool First
Spawn Locations
Cross Positions
Add a new tag
Caveats
  • Supply blocks, unpowered buildings, or Contaminate may cause inaccurate times.
  • Supply counts are checked every 10 seconds.